 Dungeon Crawl Stone Soup version 0.28-a0-664-gc179e30c89 (webtiles) character file.

Game seed: 14498812771095541031

172 ytrimaz the Chopper (level 5, -2/42 HPs)
             Began as a Formicid Fighter on Oct 16, 2021.
             Slain by a black bear (6 damage)
             ... on level 3 of the Dungeon.
             The game lasted 00:02:04 (2017 turns).

ytrimaz the Chopper (Formicid Fighter)              Turns: 2017, Time: 00:02:05

Health: -2/42      AC:  9    Str: 20    XL:     5   Next: 82%
Magic:  0/5        EV:  7    Int:  8    God:
Gold:   44         SH:  4    Dex: 11    Spells: 4/4 levels left

rFire   . . .      SeeInvis +   a - +0 war axe
rCold   . . .      Faith    .   c - +0 buckler
rNeg    . . .      Spirit   +   g - +0 chain mail
rPois   .          Reflect  .   (helmet unavailable)
rElec   .          Harm     .   (no cloak)
rCorr   .          Rampage  .   (no gloves)
Will    .....                   (no boots)
Stlth   ..........              f - amulet of guardian spirit
HPRegen 0.14/turn               (no ring)
MPRegen 0.09/turn               (no ring)

@: no status effects
A: permanent stasis, dig shafts and tunnels, antennae 3, four strong arms
a: Dig, Shaft Self


You were on level 3 of the Dungeon.
You visited 1 branch of the dungeon, and saw 3 of its levels.

You collected 44 gold pieces.

Inventory:

Hand Weapons
 a - a +0 war axe (weapon)
Armour
 c - a +0 buckler (worn)
 g - a +0 chain mail (worn)
Jewellery
 f - an amulet of guardian spirit (around neck)
Scrolls
 e - a scroll of teleportation {unknown}


   Skills:
 + Level 4.0 Fighting
 * Level 4.5 Axes
 + Level 4.2 Armour
 - Level 3.6 Shields


You had 4 spell levels left.
You didn't know any spells.
Your spell library contained the following spells:

 Spells                   Type           Power      Damage    Failure   Level
 Corpse Rot               Necr/Air       N/A        N/A       100%        2
 Poisonous Vapours        Pois/Air       0%         N/A       100%        2


Dungeon Overview and Level Annotations

Branches:
Dungeon (3/15)

Altars:
Kikubaaqudgha


Innate Abilities, Weirdness & Mutations

You cannot be hasted, slowed, berserked, paralysed or teleported.
You can dig through walls and to a lower floor.
You have a pair of large antennae on your head. (SInv)
Your four strong arms can wield two-handed weapons with a shield.


Message History

Unknown command.
You hit the black bear.
The black bear is heavily wounded.
The black bear bites you but does no damage.
The black bear claws you. You block the black bear's attack.
Unknown command.
You closely miss the black bear.
The black bear is heavily wounded.
The black bear bites you.
The black bear claws you but does no damage. x2
You hit the black bear.
The black bear is heavily wounded.
The black bear bites you.
The black bear claws you but does no damage.
The black bear claws you.
* * * LOW HITPOINT WARNING * * *
Unknown command.
You hit the black bear.
The black bear is severely wounded.
The black bear bites you but does no damage.
The black bear claws you but does no damage. x2
The black bear barely misses you.
The black bear claws you but does no damage.
You block the black bear's attack.
You hit the black bear but do no damage.
The black bear is severely wounded.
The black bear bites you but does no damage.
The black bear claws you but does no damage.
The black bear barely misses you.
You slash the black bear!
The black bear is almost dead.
The black bear bites you!
* * * LOW HITPOINT WARNING * * *
The black bear claws you.
* * * LOW HITPOINT WARNING * * *
The black bear claws you but does no damage.
You barely miss the black bear.
The black bear is almost dead.
The black bear goes berserk!
The black bear bites you!
You die...

.# ##...## ##.### ##
##'## #. #.## # # #.# .#
##.### #.# .##### ##.#.
##.## ..... # ##.#
#####...## ##.#.##.# #.#
#####........###.....).#
#.#
......#..........#..#..#
#.#
####..#.##..####@..#)..#
#.. ..##..#.##..#
#.h#..#.# ###
#.......##..# #.#S.#..#
####..####..# #...#...#
####........# ...#..#.#
#### .....#####.##
..#..#..# ##... ######
....#.... ##....
#...#..#.. ##.....
#......


You could see a black bear (berserk) and a ball python.

Vanquished Creatures
  Purgy (D:3)
  3 adders
  A worm (D:3)
  An orc (D:3)
  3 bats
  6 endoplasms
  4 goblins
  3 hobgoblins (D:1)
  6 jackals
  6 kobolds (D:1)
  5 ball pythons
  A frilled lizard (D:1)
  4 rats (D:1)
44 creatures vanquished.

Vanquished Creatures (others)
  A fungus (D:2)
  A plant (D:2)
2 creatures vanquished.

Grand Total: 46 creatures vanquished

Notes
Turn   | Place    | Note
-------+----------+-------------------------------------------
     0 | D:1      | ytrimaz the Formicid Fighter began the quest for the Orb.
     0 | D:1      | Reached XP level 1. HP: 18/18 MP: 1/1
   227 | D:1      | Reached XP level 2. HP: 10/24 MP: 2/2
   480 | D:1      | Reached XP level 3. HP: 23/29 MP: 3/3
   976 | D:2      | Reached XP level 4. HP: 35/37 MP: 4/4
  1057 | D:2      | Found a faded altar of an unknown god.
  1075 | D:2      | You fall into a shaft and drop 1 floor!
  1112 | D:3      | Noticed Purgy
  1126 | D:3      | Killed Purgy
  1127 | D:3      | Reached XP level 5. HP: 16/42 MP: 0/5
  1779 | D:3      | Found an ancient bone altar of Kikubaaqudgha.
  1996 | D:3      | Noticed a black bear
  2017 | D:3      | Slain by a black bear

Illustrated notes

Levels and vault maps discovered:
D:1:      nzn_arrival_depleted_hourglass, layout_basic,
          hangedman_abyss_or_decor_stabs
D:2:      layout_loops_ring, shapermc_ecumenical_altar_mp_ritualfount,
          serial_glass, glass_columns_b, glass_columns_a, basic_altar,
          glass_columns_a
D:3:      layout_loops_corners, lemuel_coloured_pillars_altar,
          minmay_misc_feat_diagonals, uniq_purgy

Skill      XL: |  1  2  3  4  5 |
---------------+----------------+-----
Axes           | 3 4 |  4.5
Armour         | 4 |  4.2
Fighting       | 4 |  4.0
Shields        | |  3.6

Action                   |  1- 3 |  4- 6 || total
-------------------------+-------+-------++-------
Melee: War axe           |    82 |    66 ||   148
 Abil: Dig               |     4 |       ||     4
  Use: Potion            |       |     1 ||     1
Armor: Scale mail        |    53 |       ||    53
       Chain mail        |    11 |    67 ||    78
Dodge: Dodged            |    55 |    38 ||    93
Block: Buckler           |    30 |    18 ||    48

Table legend: (Time is in decaauts)
 A = Elapsed time spent in this place.
 B = Non-inter-level travel time spent in this place.
 C = Inter-level travel time spent in this place.
 D = Time resting spent in this place.
 E = Time spent auto-exploring this place.
 F = Levels seen in this place.
 G = Mean time per level.
                   A        B        C        D        E       F      G
               +--------+--------+--------+--------+--------+-----+--------+
         Total |   2067 |   2058 |      9 |    166 |   1492 |   3 |  689.0 |
       Dungeon |   2067 |   2058 |      9 |    166 |   1492 |   3 |  689.0 |
               +--------+--------+--------+--------+--------+-----+--------+

Top non-repeatable levels by time:
     D:3: 961 daAuts
     D:1: 909 daAuts
     D:2: 196 daAuts
